 Dungeon Crawl Stone Soup version 0.28.0-43-g3370ac3207 (webtiles) character file.

Game seed: 6018427299551415434

445 terff the Covered (level 7, -1/55 HPs)
             Began as a Human Fighter on Mar 30, 2022.
             Was an Initiate of Okawaru.
             Killed by divine providence
             ... invoked by an orc priest
              (14 damage)
             ... on level 4 of the Dungeon.
             The game lasted 00:10:31 (4322 turns).

terff the Covered (Human Fighter)                   Turns: 4322, Time: 00:10:31

Health: -1/55      AC:  9    Str: 17    XL:     7   Next: 23%
Magic:  0/7        EV:  7    Int:  8    God:    Okawaru [......]
Gold:   1151       SH:  5    Dex: 14    Spells: 5/6 levels left

rFire   . . .      SeeInvis .   a - +1 flail
rCold   . . .      Faith    .   c - +0 buckler
rNeg    . . .      Spirit   +   j - +0 chain mail
rPois   .          Reflect  .   (no helmet)
rElec   .          Harm     .   (no cloak)
rCorr   .          Rampage  .   (no gloves)
Will    .....                   (no boots)
Stlth   ..........              h - amulet of guardian spirit
HPRegen 0.18/turn               (no ring)
MPRegen 0.10/turn               (no ring)

@: no status effects
A: no striking features
a: Renounce Religion


You were on level 4 of the Dungeon.
You worshipped Okawaru.
Okawaru was noncommittal.
You visited 1 branch of the dungeon, and saw 4 of its levels.

You collected 1151 gold pieces.

Inventory:

Hand Weapons
 a - a +1 flail (weapon)
Armour
 b - a +0 scale mail
 c - a +0 buckler (worn)
 j - a +0 chain mail (worn)
Jewellery
 h - an amulet of guardian spirit (around neck)
Scrolls
 d - a scroll of teleportation
 k - a scroll of identify
Potions
 e - a potion of degeneration
 f - 2 potions of brilliance
 g - 2 potions of attraction
 i - a potion of heal wounds


   Skills:
 * Level 4.3 Fighting
 + Level 4.3 Maces & Flails
 + Level 4.3 Armour
 + Level 2.4 Dodging
 + Level 0.2 Stealth
 + Level 3.6 Shields
 + Level 0.2 Hexes


You had 5 spell levels left.
You knew the following spells:

 Your Spells              Type           Power      Damage    Failure   Level
a - Slow                  Hex            0%         N/A       100%        1

Your spell library contained the following spells:

 Spells                   Type           Power      Damage    Failure   Level
 Confusing Touch          Hex            0%         N/A       100%        3
 Ozocubu's Armour         Ice            0%         N/A       100%        3
 Vampiric Draining        Necr           0%         2d6       100%        3
 Metabolic Englaciation   Hex/Ice        0%         N/A       100%        5
 Simulacrum               Ice/Necr       Unusable   N/A       N/A         6

Dungeon Overview and Level Annotations

Branches:
Dungeon (4/15)             Temple (0/1) D:4

Altars:
Nemelex Xobeh
Okawaru
Sif Muna
Wu Jian


Message History

Beogh smites you!
You hit the orc priest.
The orc priest is moderately wounded.
The orc hits you with a +0 morningstar. The orc hits you with a +0 short sword.
The orc priest barely misses you.
You hit the orc priest but do no damage.
The orc priest is moderately wounded.
The orc hits you but does no damage. The orc hits you with a +0 short sword.
The orc priest closely misses you. The orc barely misses you.
You closely miss the orc priest.
The orc priest is moderately wounded.
You block the orc's attack. The orc priest completely misses you.
The orc barely misses you. The orc hits you but does no damage.
The orc priest barely misses you.
You hit the orc priest.
The orc priest is heavily wounded.
You block the orc's attack. The orc hits you but does no damage.
You block the orc priest's attack.
You sock the orc priest!
The orc priest is almost dead.
The orc closely misses you. The orc hits you but does no damage.
The orc priest completely misses you.
You closely miss the orc priest.
The orc priest is almost dead.
The orc barely misses you. The orc hits you with a +0 short sword.
The orc priest mumbles some strange prayers to Beogh against you.
Pain shoots through your body! You block the orc's attack.
You barely miss the orc priest.
The orc priest is almost dead.
The orc hits you with a +0 short sword. The orc priest hits you with a +0 club.
The orc hits you with a +0 morningstar.
* * * LOW HITPOINT WARNING * * *
The orc hits you but does no damage.
The orc priest looks satisfied for a moment.
You closely miss the orc priest.
The orc priest is almost dead.
The orc barely misses you. The orc hits you but does no damage.
The orc priest calls down the wrath of Beogh upon you.
Beogh smites you!
You die...

................#.#####.#
.#.......###.........##.###.#
....#.##....................#
...#..##########............#
.....## ##...........# .....#
#...........#
.....############o............
................oo...>.##......
....##########..@oo............
..### ########.......... ###
#...... ..o... ..... o.... ....
...o


You could see an orc priest and 4 orcs.

Vanquished Creatures
  A black bear (D:3)
  A phantom (D:4)
  An iguana (D:3)
  Natasha (thrice) (D:2)
  A hound skeleton (D:4)
  4 gnolls (D:3)
  A howler monkey skeleton (D:4)
  3 adders
  A worm (D:4)
  3 dart slugs
  2 orcs (D:3)
  4 endoplasms
  5 giant cockroaches
  5 goblins
  9 hobgoblins
  9 kobolds
  6 quokkas
  6 ball pythons
  5 bats
  2 frilled lizards
  4 rats
76 creatures vanquished.

Vanquished Creatures (collateral kills)
  A goblin (D:3)
1 creature vanquished.

Vanquished Creatures (others)
  A plant (D:2)
1 creature vanquished.

Grand Total: 78 creatures vanquished

Notes
Turn   | Place    | Note
-------+----------+-------------------------------------------
     0 | D:1      | terff the Human Fighter began the quest for the Orb.
     0 | D:1      | Reached XP level 1. HP: 18/18 MP: 1/1
   163 | D:1      | Reached XP level 2. HP: 18/24 MP: 2/2
   690 | D:1      | Reached XP level 3. HP: 23/29 MP: 3/3
  1076 | D:2      | Identified a scroll of acquirement
  1076 | D:2      | Acquired 987 gold pieces
  1166 | D:2      | Found a faded altar of an unknown god.
  1257 | D:2      | Noticed Natasha
  1263 | D:2      | Killed Natasha
  1264 | D:2      | Reached XP level 4. HP: 19/35 MP: 4/4
  1414 | D:2      | Noticed Natasha
  1429 | D:2      | Killed Natasha
  1430 | D:2      | Reached skill level 1 in Dodging
  1730 | D:2      | Noticed Natasha
  1738 | D:2      | Killed Natasha
  1739 | D:2      | Reached XP level 5. HP: 41/41 MP: 5/5
  2261 | D:3      | Learned a level 1 spell: Slow
  2631 | D:3      | Noticed a black bear
  2643 | D:3      | Killed a black bear
  2644 | D:3      | Reached XP level 6. HP: 34/48 MP: 6/6
  2982 | D:3      | Found an iron altar of Okawaru.
  2991 | D:3      | Became a worshipper of Warmaster Okawaru
  3104 | D:3      | Found a shimmering blue altar of Sif Muna.
  3108 | D:3      | Found an ornate altar of the Wu Jian Council.
  3832 | D:4      | Found a staircase to the Ecumenical Temple.
  3959 | D:4      | Reached XP level 7. HP: 18/54 MP: 3/7
  4242 | D:4      | Found a sparkling altar of Nemelex Xobeh.
  4322 | D:4      | Killed from afar by an orc priest

Illustrated notes

Levels and vault maps discovered:
D:1:      amcnicky_arrival_wind_blow, layout_basic, kennysheep_boxes
D:2:      layout_rooms, dreamdust_ecumenical_altar_grove, serial_forest,
          infiniplex_forest_clump_small, infiniplex_forest_clump_cross,
          infiniplex_forest_end_1, infiniplex_forest_corner_1,
          minmay_close_crescents, uniq_natasha
D:3:      layout_basic, nicolae_overflow_hidden_temple,
          okawaru_altar_gauntlet_db, serial_curves, eino_curves_02,
          eino_curves_02
D:4:      layout_rooms, lemuel_coloured_pillars_altar,
          minmay_temple_entry_nine_rooms

Skill      XL: |  1  2  3  4  5  6 |
---------------+-------------------+-----
Dodging        | 2 |  2.4
Maces & Flails | 3 4 |  4.3
Armour         | 4 |  4.3
Fighting       | 4 |  4.3
Stealth        | |  0.2
Shields        | |  3.6
Hexes          | |  0.2

Action                   |  1- 3 |  4- 6 |  7- 9 || total
-------------------------+-------+-------+-------++-------
Melee: Flail             |    81 |   162 |    27 ||   270
  Use: Scroll            |     4 |     4 |     3 ||    11
       Potion            |       |     1 |       ||     1
Armor: Scale mail        |    45 |    35 |       ||    80
       Chain mail        |       |    42 |    20 ||    62
Dodge: Dodged            |    31 |    83 |    18 ||   132
Block: Buckler           |    14 |    52 |     8 ||    74
